 Dungeon Crawl Stone Soup version 0.29.0-4-gdea44cf6ec (webtiles) character file.

Game seed: 7895767421046651766

12516 qw the Brawler (level 11, -7/104 (105) HPs)
             Began as a Troll Cinder Acolyte on Aug 31, 2022.
             Was an Initiate of Okawaru.
             Mangled by a 13-headed hydra (14 damage)
             ... on level 3 of the Lair of Beasts.
             The game lasted 00:04:55 (9358 turns).

qw the Brawler (Troll Cinder Acolyte)               Turns: 9358, Time: 00:04:56

HP:   -7/104 (105)  AC:  7    Str: 28    XL:     11   Next: 63%
MP:   11/11         EV: 13    Int: 10    God:    Okawaru [......]
Gold: 245           SH:  0    Dex:  5    Spells: 12/12 levels left

rFire   . . .      SeeInvis .     - Unarmed
rCold   + . .      Faith    .   (no shield)
rNeg    . . .      Spirit   .   q - +0 acid dragon scales
rPois   +          Reflect  .   (helmet restricted)
rElec   +          Harm     .   r - -2 cloak of Ophiug {Rampage rElec rPois}
rCorr   +          Rampage  +   (gloves unavailable)
Will    .....                   (boots unavailable)
Stlth   ..........              (no amulet)
HPRegen 1.07/turn               i - ring of protection from cold
MPRegen 0.12/turn               l - +4 ring of evasion

@: lightly drained, fire susceptible
A: large, unfitting armour, claws 3, regeneration 1, shaggy fur 1, tough skin 1
a: Renounce Religion


You were on level 3 of the Lair of Beasts.
You worshipped Okawaru.
Okawaru was noncommittal.
You visited 3 branches of the dungeon, and saw 12 of its levels.
You also visited: Sewer.

You collected 465 gold pieces.
You spent 220 gold pieces at shops.


Innate Abilities, Weirdness & Mutations

You are too large for most types of armour.
You have claws for hands.
Your natural rate of healing is unusually fast.
You are covered in fur. (AC +1)
You have tough skin. (AC +1)


   Skills:
 - Level 6.1 Fighting
 - Level 5.0 Throwing
 - Level 3.0 Armour
 - Level 1.7 Dodging
 + Level 15.9 Unarmed Combat
 - Level 1.0 Spellcasting
 - Level 2.1 Fire Magic


You had 12 spell levels left.
You didn't know any spells.
Your spell library contained the following spells:

 Spells                   Type           Power      Damage    Failure   Level
 Scorch                   Fire           8%         2d5       26%         2

Inventory:

Missiles
 h - 2 boomerangs (quivered)
Armour
 m - a +2 cloak
 q - +0 acid dragon scales (worn)
 r - the -2 cloak of Ophiug (worn) {Rampage rElec rPois}
   (You acquired it on level 6 of the Dungeon)

   rElec:     It insulates you from electricity.
   rPois:     It protects you from poison.
   Rampage:   It bestows one free step when moving towards enemies.
Jewellery
 a - a ring of positive energy
 c - the ring of Jujea {rC- Will+ rCorr Int+4 Dex-3}
   (You acquired it in a sewer)

   [ring of willpower]

   Int:       It affects your intelligence (+4).
   Dex:       It affects your dexterity (-3).
   rC:        It makes you vulnerable to cold.
   rCorr:     It protects you from acid and corrosion.
   Will:      It increases your willpower.
 i - a ring of protection from cold (left claw)
 l - a +4 ring of evasion (right claw)
Scrolls
 d - 4 scrolls of identify
 n - 2 scrolls of teleportation
 p - 2 scrolls of enchant weapon
Potions
 b - 4 potions of mutation
 e - 2 potions of cancellation {unknown}
 f - 2 potions of heal wounds
 g - 2 potions of curing
 j - a potion of might
 k - a potion of resistance
 s - 2 potions of haste

Dungeon Overview and Level Annotations

Branches:
Dungeon (8/15)             Temple (1/1) D:5            Lair (3/5) D:8
 Spider (0/4) Lair:2        Sewer (visited)
  Swamp: Lair:2-3    Shoals: Lair:2-3

Altars:
Cheibriados
Dithmenos
Elyvilon
Fedhas
Gozag
Hepliaklqana
Kikubaaqudgha
Makhleb
Nemelex Xobeh
Okawaru
Qazlal
Ru
Sif Muna
Trog
Uskayaw
Vehumet
Wu Jian
Xom
Yredelemnul
Zin
The Shining One

Shops:
D:1 *   D:2 =?((?   D:6 ?   D:7 (

Annotations:
Lair:1 3 runed translucent doors, qw's ghost, journeyman TrCA
Lair:2 2 transporters, qw's ghost, journeyman TrCA


Message History

The nine-headed hydra closely misses you.
You tear one of the nine-headed hydra's heads off!
The eight-headed hydra grows two more!
You mangle the ten-headed hydra!! Your claw misses the ten-headed hydra.
The ten-headed hydra is severely wounded.
The ten-headed hydra closely misses you.
The ten-headed hydra bites you!
The ten-headed hydra closely misses you.
The ten-headed hydra misses you.
The ten-headed hydra completely misses you.
The ten-headed hydra bites you!
The ten-headed hydra bites you but does no damage.
The ten-headed hydra closely misses you.
The ten-headed hydra bites you!
The ten-headed hydra bites you but does no damage.
You tear one of the ten-headed hydra's heads off!
The nine-headed hydra grows two more!
You mangle the 11-headed hydra!!
The 11-headed hydra is severely wounded.
The 11-headed hydra barely misses you. The 11-headed hydra bites you!
The 11-headed hydra bites you.
The 11-headed hydra barely misses you. x2
The 11-headed hydra bites you.
The 11-headed hydra completely misses you.
The 11-headed hydra bites you but does no damage.
The 11-headed hydra completely misses you.
The 11-headed hydra closely misses you. The 11-headed hydra bites you!
You claw one of the 11-headed hydra's heads off!
The ten-headed hydra grows two more!
You mangle the 12-headed hydra!!
The 12-headed hydra is almost dead.
You claw one of the 12-headed hydra's heads off!
The 11-headed hydra grows two more!
You claw the 13-headed hydra!
The 13-headed hydra is almost dead.
The 13-headed hydra bites you. The 13-headed hydra barely misses you.
The 13-headed hydra bites you. The 13-headed hydra barely misses you.
The 13-headed hydra bites you but does no damage.
The 13-headed hydra closely misses you. The 13-headed hydra bites you!
The 13-headed hydra barely misses you. The 13-headed hydra closely misses you.
The 13-headed hydra bites you. The 13-headed hydra bites you!
The 13-headed hydra bites you but does no damage.
The 13-headed hydra bites you!
You die...

##P#.### ..#### ........
..(.. ........
................
................
..........#.##..
.##.....###.##.#
##D###....#......#
##+#@###.....#......#
##)....###....#......#
#.#.....#.............
..##......##....P......#
.........###....#.......
.........P##....##......
.....((.(.##......#.....#
.....(P(.........###.####
.....(...........##P..###


You could see a 13-headed hydra.

Vanquished Creatures
  A hydra (Lair:1)
  2 black mambas (Lair:2)
  3 cane toads (Lair:2)
  A rime drake (Lair:3)
  4 komodo dragons
  A polar bear (Lair:3)
  5 blink frogs (Lair:1)
  3 wyverns
  20 yaks
  3 basilisks
  An acid dragon (D:8)
  Duvessa (D:5)
  9 water moccasins
  2 ice beasts
  An orc warrior (D:8)
  A sky beast (D:7)
  An ogre (D:5)
  7 wolves
  A kobold brigand (D:8)
  A gnoll sergeant (D:8)
  9 bullfrogs
  A scorpion (D:8)
  3 wights (D:8)
  Dowan (D:5)
  A killer bee (D:8)
  A howler monkey (D:3)
  A jelly (D:4)
  A gnoll bouda (D:7)
  3 orc priests
  6 hounds
  2 iguanas
  4 orc wizards
  8 hell rats
  A statue (D:6)
  13 adders
  13 gnolls
  2 river rats (Sewer)
  A white imp (D:5)
  An ufetubus (D:5)
  2 worms (D:2)
  3 dart slugs
  20 orcs
  9 ball pythons
  3 endoplasms
  4 giant cockroaches
  5 goblins
  6 hobgoblins
  5 quokkas
  7 bats
  3 frilled lizards
  16 kobolds
  7 rats
230 creatures vanquished.

Vanquished Creatures (others)
  9 fungi
  22 plants
31 creatures vanquished.

Grand Total: 261 creatures vanquished

Notes
Turn   | Place    | Note
-------+----------+-------------------------------------------
     0 | D:1      | qw the Troll Cinder Acolyte began the quest for the Orb.
     0 | D:1      | Reached XP level 1. HP: 22/22 MP: 1/1
     0 | D:1      | 0 ||| qw: Version: 0.1-a-97-g2dd2ca4
     0 | D:1      | 0 ||| qw: Game counter: 4544
     0 | D:1      | 0 ||| qw: Always use a shield: true
     0 | D:1      | 0 ||| qw: God list: Okawaru
     0 | D:1      | 0 ||| qw: Allow faded altars: false
     0 | D:1      | 0 ||| qw: Do Orc after D:15 true
     0 | D:1      | 0 ||| qw: Do second Lair branch before Depths: true
     0 | D:1      | 0 ||| qw: Lair rune preference: random
     0 | D:1      | 0 ||| qw: Plans: Normal
     0 | D:1      | 0 ||| PLANNING D:1-11
    75 | D:1      | 75 ||| Stepping ~*~*~tactically~*~*~ (outnumbered).
    80 | D:1      | 80 ||| Stepping ~*~*~tactically~*~*~ (outnumbered).
   195 | D:1      | Reached XP level 2. HP: 29/29 MP: 2/2
   392 | D:1      | Reached skill level 4 in Unarmed Combat
   534 | D:1      | Found Hayf's Assorted Antiques.
   538 | D:1      | 538 ||| SHOPLISTING cloak (117 gold, have 42).
   538 | D:1      | 538 ||| BUYING fizzy yellow potion (23 gold).
   538 | D:1      | Bought a fizzy yellow potion for 23 gold pieces
   538 | D:1      | 538 ||| SHOPLISTING glittering ivory amulet (130 gold, have
                  | 19).
   538 | D:1      | 538 ||| SHOPLISTING kite shield (117 gold, have 19).
   538 | D:1      | 538 ||| SHOPLISTING scroll labelled PUOT HI DOIZO (26 gold,
                  | have 19).
   538 | D:1      | 538 ||| SHOPLISTING scroll labelled RUAN IBANT (26 gold,
                  | have 19).
   538 | D:1      | 538 ||| SHOPLISTING small bone ring (130 gold, have 19).
   734 | D:1      | 734 ||| READING scroll labelled ENGEVASE OHEV.
   749 | D:1      | 749 ||| READING scroll labelled PUOT HI DOIZO.
   752 | D:1      | 752 ||| READING scroll labelled MICECOR LEAQO.
   753 | D:1      | 753 ||| READING scroll labelled JERUNK AHUEWO.
   754 | D:1      | 754 ||| DRINKING 2 smoky brown potions.
   755 | D:1      | 755 ||| DROPPING potion of attraction.
   943 | D:2      | Reached XP level 3. HP: 36/36 MP: 3/3
   955 | D:2      | Found Rewerph's Antique Weapon Emporium.
   971 | D:2      | Found Rothak's Magic Scroll Shop.
   976 | D:2      | 976 ||| SHOPLISTING 2 scrolls of enchant weapon (210 gold,
                  | have 37).
   976 | D:2      | 976 ||| SHOPLISTING scroll of enchant armour (105 gold,
                  | have 37).
   976 | D:2      | 976 ||| SHOPLISTING scroll of teleportation (42 gold, have
                  | 37).
  1075 | D:2      | 1075 ||| Stepping ~*~*~tactically~*~*~ (hiding).
  1187 | D:2      | Found Utiatzua's Antique Weapon Emporium.
  1246 | D:2      | Found Koxkorit's Jewellery Shop.
  1256 | D:2      | 1256 ||| SHOPLISTING amulet of Parr {RegenMP Harm +Inv rC+}
                  | (510 gold, have 37).
  1256 | D:2      | 1256 ||| SHOPLISTING amulet of regeneration (300 gold, have
                  | 37).
  1256 | D:2      | 1256 ||| SHOPLISTING ring of ice (250 gold, have 37).
  1256 | D:2      | 1256 ||| SHOPLISTING ring of poison resistance (200 gold,
                  | have 37).
  1256 | D:2      | 1256 ||| SHOPLISTING ring of positive energy (200 gold,
                  | have 37).
  1256 | D:2      | 1256 ||| SHOPLISTING ring of the Hare {EV+8} (1280 gold,
                  | have 37).
  1256 | D:2      | 1256 ||| SHOPLISTING ring of willpower (250 gold, have 37).
  1268 | D:2      | Reached XP level 4. HP: 42/44 MP: 4/4
  1462 | D:2      | Found Qozxae's Magic Scroll Shoppe.
  1470 | D:2      | 1470 ||| BUYING scroll of identify (24 gold).
  1470 | D:2      | Bought a scroll of identify for 24 gold pieces
  1470 | D:2      | 1470 ||| BUYING scroll of identify (24 gold).
  1470 | D:2      | Bought a scroll of identify for 24 gold pieces
  1555 | D:2      | Reached skill level 5 in Unarmed Combat
  1575 | D:2      | 1575 ||| UPGRADING to amulet of guardian spirit.
  1580 | D:2      | 1580 ||| READING scroll labelled YTZUVI DAOV.
  1581 | D:2      | 1581 ||| READING 4 scrolls of identify.
  1581 | D:2      | 1581 ||| IDENTIFYING fuming orange potion
  1582 | D:2      | 1582 ||| READING 3 scrolls of identify.
  1582 | D:2      | 1582 ||| IDENTIFYING bubbling cyan potion
  1583 | D:2      | 1583 ||| READING 2 scrolls of identify.
  1583 | D:2      | 1583 ||| IDENTIFYING fizzy yellow potion
  1584 | D:2      | 1584 ||| DROPPING potion of magic.
  1585 | D:2      | 1585 ||| DROPPING potion of invisibility.
  1660 | D:3      | 1660 ||| PLANNING SEWER
  1660 | D:3      | 1660 ||| INVOKING Fiery Armour.
  1661 | D:3      | 1661 ||| STAIRDANCE
  1671 | D:3      | 1671 ||| STAIRDANCE
  1695 | D:3      | 1695 ||| STAIRDANCE
  1714 | D:3      | 1714 ||| STAIRDANCE
  1722 | D:3      | 1722 ||| STAIRDANCE
  1736 | D:3      | Reached XP level 5. HP: 21/50 MP: 2/5
  1742 | D:3      | Reached skill level 6 in Unarmed Combat
  1822 | D:3      | 1822 ||| Stepping ~*~*~tactically~*~*~ (hiding).
  1832 | D:3      | 1832 ||| INVOKING Fiery Armour.
  1855 | D:3      | 1855 ||| Stepping ~*~*~tactically~*~*~ (stealth).
  1857 | D:3      | 1857 ||| Stepping ~*~*~tactically~*~*~ (stealth).
  1858 | D:3      | 1858 ||| Stepping ~*~*~tactically~*~*~ (stealth).
  1887 | D:3      | Found a glowing drain.
  1925 | Sewer    | Entered a sewer
  1947 | Sewer    | Reached XP level 6. HP: 59/59 MP: 6/6
  1981 | Sewer    | Reached skill level 7 in Unarmed Combat
  2009 | Sewer    | 2009 ||| READING scroll labelled VABE ETIKHAN.
  2009 | Sewer    | Identified a scroll of acquirement
  2009 | Sewer    | 2009 ||| ACQUIRING ring of Jujea {rC- Will+ rCorr Int+4
                  | Dex-3}
  2009 | Sewer    | Acquired the ring of Jujea {rC- Will+ rCorr Int+4 Dex-3}
  2011 | Sewer    | 2011 ||| DRINKING 3 bubbling puce potions.
  2012 | Sewer    | 2012 ||| READING 2 scrolls of identify.
  2012 | Sewer    | 2012 ||| IDENTIFYING orange potion
  2025 | D:3      | 2025 ||| PLANNING D:1-11
  2378 | D:3      | 2378 ||| READING scroll labelled FOUKKU XUNKIAGIPP.
  2379 | D:3      | 2379 ||| READING 2 scrolls of identify.
  2379 | D:3      | 2379 ||| IDENTIFYING fuming sapphire potion
  2380 | D:3      | 2380 ||| DROPPING potion of degeneration.
  2469 | D:4      | 2469 ||| Stepping ~*~*~tactically~*~*~ (stealth).
  2499 | D:4      | 2499 ||| Stepping ~*~*~tactically~*~*~ (stealth).
  2986 | D:4      | 2986 ||| UPGRADING to +2 cloak.
  2991 | D:4      | 2991 ||| READING scroll labelled YGILIP JOCAR.
  2992 | D:4      | 2992 ||| READING scroll labelled PEMAGU TIFYO.
  2993 | D:4      | 2993 ||| READING scroll labelled RUAN IBANT.
  3111 | D:5      | Entered Level 5 of the Dungeon
  3123 | D:5      | 3123 ||| DRINKING 3 potions of curing.
  3123 | D:5      | 3123 ||| (to cure confusion)
  3129 | D:5      | 3129 ||| DRINKING 2 potions of curing.
  3129 | D:5      | 3129 ||| (to cure confusion)
  3176 | D:5      | 3176 ||| Stepping ~*~*~tactically~*~*~ (stealth).
  3181 | D:5      | Found a staircase to the Ecumenical Temple.
  3327 | D:5      | Reached skill level 8 in Unarmed Combat
  3472 | D:5      | Reached XP level 7. HP: 65/66 MP: 7/7
  3476 | D:5      | Reached skill level 3 in Fighting
  3625 | D:5      | Noticed Dowan
  3626 | D:5      | Noticed Duvessa
  3627 | D:5      | 3627 ||| INVOKING Fiery Armour.
  3637 | D:5      | Killed Duvessa
  3641 | D:5      | Killed Dowan
  3788 | D:5      | 3788 ||| UPGRADING to ring of protection from cold.
  3789 | D:5      | 3789 ||| UPGRADING to +4 ring of evasion.
  3790 | D:5      | 3790 ||| READING 2 scrolls of identify.
  3790 | D:5      | 3790 ||| IDENTIFYING bubbling grey potion
  3880 | D:6      | Reached skill level 9 in Unarmed Combat
  3972 | D:6      | Found Myaclu's Magic Scroll Boutique.
  3981 | D:6      | 3981 ||| BUYING scroll of enchant weapon (97 gold).
  3981 | D:6      | Bought a scroll of enchant weapon for 97 gold pieces
  3981 | D:6      | 3981 ||| BUYING scroll of identify (26 gold).
  3981 | D:6      | Bought a scroll of identify for 26 gold pieces
  3981 | D:6      | 3981 ||| BUYING scroll of identify (26 gold).
  3981 | D:6      | Bought a scroll of identify for 26 gold pieces
  3981 | D:6      | 3981 ||| SHOPLISTING scroll of identify (26 gold, have 3).
  3981 | D:6      | 3981 ||| SHOPLISTING scroll of teleportation (39 gold, have
                  | 3).
  4041 | D:6      | 4041 ||| READING scroll of acquirement.
  4041 | D:6      | 4041 ||| ACQUIRING -2 cloak of Ophiug {Rampage rElec rPois}
  4041 | D:6      | Acquired the -2 cloak of Ophiug {Rampage rElec rPois}
  4043 | D:6      | 4043 ||| UPGRADING to -2 cloak of Ophiug {Rampage rElec
                  | rPois}.
  4120 | D:6      | Reached skill level 1 in Throwing
  4376 | D:6      | Found a radiant altar of Vehumet.
  4378 | D:6      | 4378 ||| INVOKING Fiery Armour.
  4383 | D:6      | Reached XP level 8. HP: 75/75 MP: 8/8
  4667 | D:6      | 4667 ||| READING 3 scrolls of identify.
  4667 | D:6      | 4667 ||| IDENTIFYING dark potion
  4668 | D:6      | 4668 ||| READING 2 scrolls of identify.
  4668 | D:6      | 4668 ||| IDENTIFYING coppery potion
  4669 | D:6      | 4669 ||| DROPPING potion of brilliance.
  4670 | D:6      | 4670 ||| DROPPING potion of ambrosia.
  4736 | D:7      | Reached skill level 1 in Dodging
  4972 | D:7      | Found a shadowy altar of Dithmenos.
  5078 | D:7      | 5078 ||| Stepping ~*~*~tactically~*~*~ (stealth).
  5080 | D:7      | 5080 ||| FLEEEEING.
  5081 | D:7      | 5081 ||| FLEEEEING.
  5082 | D:7      | 5082 ||| FLEEEEING.
  5083 | D:7      | 5083 ||| FLEEEEING.
  5085 | D:7      | 5085 ||| Stepping ~*~*~tactically~*~*~ (hiding).
  5093 | D:7      | 5093 ||| Stepping ~*~*~tactically~*~*~ (outnumbered).
  5096 | D:7      | 5096 ||| Stepping ~*~*~tactically~*~*~ (outnumbered).
  5097 | D:7      | 5097 ||| Stepping ~*~*~tactically~*~*~ (outnumbered).
  5099 | D:7      | 5099 ||| Stepping ~*~*~tactically~*~*~ (outnumbered).
  5103 | D:7      | 5103 ||| INVOKING Fiery Armour.
  5614 | D:7      | Found Ronaufet's Weapon Shoppe.
  5857 | D:8      | 5857 ||| INVOKING Fiery Armour.
  5859 | D:8      | Reached skill level 10 in Unarmed Combat
  5859 | D:8      | 5859 ||| FLEEEEING.
  5860 | D:8      | 5860 ||| FLEEEEING.
  5861 | D:8      | 5861 ||| FLEEEEING.
  5937 | D:8      | Reached skill level 3 in Throwing
  5952 | D:8      | 5952 ||| Stepping ~*~*~tactically~*~*~ (stealth).
  5983 | D:8      | 5983 ||| FLEEEEING.
  5995 | D:8      | Reached XP level 9. HP: 84/84 MP: 7/9
  6022 | D:8      | 6022 ||| INVOKING Fiery Armour.
  6028 | D:8      | 6028 ||| Stepping ~*~*~tactically~*~*~ (outnumbered).
  6029 | D:8      | 6029 ||| Stepping ~*~*~tactically~*~*~ (outnumbered).
  6029 | D:8      | Found a staircase to the Lair.
  6030 | D:8      | 6030 ||| Stepping ~*~*~tactically~*~*~ (outnumbered).
  6031 | D:8      | 6031 ||| Stepping ~*~*~tactically~*~*~ (outnumbered).
  6031 | D:8      | HP: 21/84 [gnoll/+0 flail[a gnoll sergeant] (4)]
  6032 | D:8      | 6032 ||| Stepping ~*~*~tactically~*~*~ (outnumbered).
  6034 | D:8      | 6034 ||| Stepping ~*~*~tactically~*~*~ (outnumbered).
  6035 | D:8      | 6035 ||| READING 5 scrolls of teleportation.
  6036 | D:8      | 6036 ||| DRINKING 5 potions of heal wounds.
  6037 | D:8      | 6037 ||| Stepping ~*~*~tactically~*~*~ (outnumbered).
  6039 | D:8      | 6039 ||| Stepping ~*~*~tactically~*~*~ (outnumbered).
  6040 | D:8      | 6040 ||| Stepping ~*~*~tactically~*~*~ (outnumbered).
  6046 | D:8      | 6046 ||| Stepping ~*~*~tactically~*~*~ (outnumbered).
  6047 | D:8      | 6047 ||| Stepping ~*~*~tactically~*~*~ (outnumbered).
  6048 | D:8      | 6048 ||| Stepping ~*~*~tactically~*~*~ (outnumbered).
  6049 | D:8      | 6049 ||| Stepping ~*~*~tactically~*~*~ (outnumbered).
  6049 | D:8      | HP: 20/84 [gnoll/+0 flail[a gnoll sergeant] (5)]
  6050 | D:8      | 6050 ||| READING 4 scrolls of teleportation.
  6050 | D:8      | HP: 7/84 [yak (8)]
  6051 | D:8      | 6051 ||| DRINKING 4 potions of heal wounds.
  6052 | D:8      | 6052 ||| DRINKING 3 potions of heal wounds.
  6053 | D:8      | 6053 ||| Stepping ~*~*~tactically~*~*~ (outnumbered).
  6054 | D:8      | 6054 ||| FLEEEEING.
  6055 | D:8      | 6055 ||| FLEEEEING.
  6056 | D:8      | 6056 ||| STAIRDANCE
  6128 | D:7      | 6128 ||| UPGRADING to +0 acid dragon scales.
  6138 | D:7      | 6138 ||| DROPPING +0 robe.
  6139 | D:7      | 6139 ||| READING scroll labelled UBELI FICEAGY.
  6142 | D:8      | 6142 ||| STAIRDANCE
  6160 | D:8      | Reached skill level 1 in Armour
  6166 | D:8      | 6166 ||| Stepping ~*~*~tactically~*~*~ (outnumbered).
  6167 | D:8      | 6167 ||| Stepping ~*~*~tactically~*~*~ (outnumbered).
  6168 | D:8      | 6168 ||| Stepping ~*~*~tactically~*~*~ (outnumbered).
  6169 | D:8      | 6169 ||| Stepping ~*~*~tactically~*~*~ (outnumbered).
  6170 | D:8      | 6170 ||| Stepping ~*~*~tactically~*~*~ (outnumbered).
  6171 | D:8      | 6171 ||| Stepping ~*~*~tactically~*~*~ (outnumbered).
  6172 | D:8      | 6172 ||| Stepping ~*~*~tactically~*~*~ (outnumbered).
  6173 | D:8      | 6173 ||| Stepping ~*~*~tactically~*~*~ (outnumbered).
  6174 | D:8      | 6174 ||| Stepping ~*~*~tactically~*~*~ (outnumbered).
  6178 | D:8      | 6178 ||| INVOKING Fiery Armour.
  6183 | D:8      | Reached skill level 11 in Unarmed Combat
  6284 | D:8      | 6284 ||| INVOKING Fiery Armour.
  6292 | D:8      | 6292 ||| Stepping ~*~*~tactically~*~*~ (outnumbered).
  6293 | D:8      | 6293 ||| Stepping ~*~*~tactically~*~*~ (outnumbered).
  6294 | D:8      | 6294 ||| Stepping ~*~*~tactically~*~*~ (outnumbered).
  6295 | D:8      | 6295 ||| Stepping ~*~*~tactically~*~*~ (outnumbered).
  6296 | D:8      | 6296 ||| Stepping ~*~*~tactically~*~*~ (outnumbered).
  6297 | D:8      | 6297 ||| Stepping ~*~*~tactically~*~*~ (outnumbered).
  6298 | D:8      | 6298 ||| Stepping ~*~*~tactically~*~*~ (outnumbered).
  6299 | D:8      | 6299 ||| Stepping ~*~*~tactically~*~*~ (outnumbered).
  6300 | D:8      | 6300 ||| Stepping ~*~*~tactically~*~*~ (outnumbered).
  6301 | D:8      | 6301 ||| Stepping ~*~*~tactically~*~*~ (outnumbered).
  6302 | D:8      | 6302 ||| Stepping ~*~*~tactically~*~*~ (outnumbered).
  6303 | D:8      | 6303 ||| Stepping ~*~*~tactically~*~*~ (outnumbered).
  6304 | D:8      | 6304 ||| Stepping ~*~*~tactically~*~*~ (outnumbered).
  6305 | D:8      | 6305 ||| Stepping ~*~*~tactically~*~*~ (outnumbered).
  6314 | D:8      | Reached skill level 12 in Unarmed Combat
  6497 | D:8      | 6497 ||| Stepping ~*~*~tactically~*~*~ (hiding).
  6703 | D:8      | 6703 ||| PLANNING LAIR
  6703 | D:8      | 6703 ||| READING 3 scrolls of identify.
  6703 | D:8      | 6703 ||| IDENTIFYING pink potion
  6704 | D:8      | 6704 ||| DROPPING potion of flight.
  6720 | Lair:1   | Entered Level 1 of the Lair of Beasts
  6728 | Lair:1   | Noticed a five-headed hydra
  6729 | Lair:1   | 6729 ||| INVOKING Fiery Armour.
  6734 | Lair:1   | Killed a seven-headed hydra
  6735 | Lair:1   | Reached XP level 10. HP: 76/96 MP: 7/10
  6991 | Lair:1   | Reached skill level 13 in Unarmed Combat
  7060 | Lair:1   | Noticed a black mamba
  7060 | Lair:1   | Noticed a black mamba
  7061 | Lair:1   | Noticed qw's ghost (journeyman TrCA)
  7061 | Lair:1   | Noticed a catoblepas
  7063 | Lair:1   | Found a runed translucent gate.
  7064 | Lair:1   | Noticed an elephant
  7075 | Lair:1   | 7075 ||| INVOKING Fiery Armour.
  7121 | Lair:1   | 7121 ||| Stepping ~*~*~tactically~*~*~ (stealth).
  7122 | Lair:1   | 7122 ||| Stepping ~*~*~tactically~*~*~ (stealth).
  7123 | Lair:1   | 7123 ||| Stepping ~*~*~tactically~*~*~ (stealth).
  7124 | Lair:1   | 7124 ||| Stepping ~*~*~tactically~*~*~ (stealth).
  7128 | Lair:1   | 7128 ||| Stepping ~*~*~tactically~*~*~ (stealth).
  7129 | Lair:1   | 7129 ||| Stepping ~*~*~tactically~*~*~ (stealth).
  7130 | Lair:1   | 7130 ||| Stepping ~*~*~tactically~*~*~ (stealth).
  7141 | Lair:1   | Reached skill level 14 in Unarmed Combat
  7144 | Lair:1   | Found a runed translucent gate.
  7153 | Lair:1   | Found a runed translucent gate.
  7412 | Lair:1   | 7412 ||| Stepping ~*~*~tactically~*~*~ (stealth).
  7415 | Lair:1   | 7415 ||| Stepping ~*~*~tactically~*~*~ (stealth).
  7738 | Lair:1   | 7738 ||| READING 3 scrolls of teleportation.
  7798 | Lair:2   | Noticed a black mamba
  7803 | Lair:2   | Killed a black mamba
  7804 | Lair:2   | Reached skill level 6 in Fighting
  7897 | Lair:2   | 7897 ||| INVOKING Fiery Armour.
  7906 | Lair:2   | 7906 ||| Stepping ~*~*~tactically~*~*~ (outnumbered).
  7907 | Lair:2   | 7907 ||| Stepping ~*~*~tactically~*~*~ (outnumbered).
  7909 | Lair:2   | 7909 ||| Stepping ~*~*~tactically~*~*~ (outnumbered).
  7912 | Lair:2   | 7912 ||| Stepping ~*~*~tactically~*~*~ (outnumbered).
  7914 | Lair:2   | 7914 ||| Stepping ~*~*~tactically~*~*~ (outnumbered).
  7915 | Lair:2   | 7915 ||| Stepping ~*~*~tactically~*~*~ (outnumbered).
  7916 | Lair:2   | 7916 ||| Stepping ~*~*~tactically~*~*~ (outnumbered).
  7919 | Lair:2   | 7919 ||| Stepping ~*~*~tactically~*~*~ (outnumbered).
  7921 | Lair:2   | 7921 ||| Stepping ~*~*~tactically~*~*~ (outnumbered).
  7922 | Lair:2   | 7922 ||| Stepping ~*~*~tactically~*~*~ (outnumbered).
  7923 | Lair:2   | 7923 ||| Stepping ~*~*~tactically~*~*~ (outnumbered).
  7924 | Lair:2   | 7924 ||| Stepping ~*~*~tactically~*~*~ (outnumbered).
  7925 | Lair:2   | 7925 ||| Stepping ~*~*~tactically~*~*~ (outnumbered).
  7926 | Lair:2   | 7926 ||| Stepping ~*~*~tactically~*~*~ (outnumbered).
  7927 | Lair:2   | 7927 ||| Stepping ~*~*~tactically~*~*~ (outnumbered).
  7929 | Lair:2   | Reached XP level 11. HP: 103/105 MP: 9/11
  8015 | Lair:2   | Found a hole to the Spider Nest.
  8052 | Lair:2   | 8052 ||| Stepping ~*~*~tactically~*~*~ (hiding).
  8109 | Lair:2   | 8109 ||| Stepping ~*~*~tactically~*~*~ (stealth).
  8111 | Lair:2   | 8111 ||| Stepping ~*~*~tactically~*~*~ (stealth).
  8117 | Lair:2   | 8117 ||| Stepping ~*~*~tactically~*~*~ (stealth).
  8118 | Lair:2   | 8118 ||| Stepping ~*~*~tactically~*~*~ (stealth).
  8126 | Lair:2   | 8126 ||| Stepping ~*~*~tactically~*~*~ (outnumbered).
  8127 | Lair:2   | 8127 ||| Stepping ~*~*~tactically~*~*~ (outnumbered).
  8128 | Lair:2   | 8128 ||| Stepping ~*~*~tactically~*~*~ (stealth).
  8137 | Lair:2   | Reached skill level 15 in Unarmed Combat
  8150 | Lair:2   | 8150 ||| Stepping ~*~*~tactically~*~*~ (stealth).
  8177 | Lair:2   | Noticed a spriggan rider
  8180 | Lair:2   | Found a transporter.
  8182 | Lair:2   | Noticed a spriggan rider
  8187 | Lair:2   | Found a bloodstained altar of Trog.
  8192 | Lair:2   | 8192 ||| Stepping ~*~*~tactically~*~*~ (stealth).
  8193 | Lair:2   | 8193 ||| INVOKING Fiery Armour.
  8196 | Lair:2   | Reached skill level 3 in Armour
  8201 | Lair:2   | 8201 ||| Stepping ~*~*~tactically~*~*~ (outnumbered).
  8202 | Lair:2   | 8202 ||| Stepping ~*~*~tactically~*~*~ (outnumbered).
  8203 | Lair:2   | 8203 ||| Stepping ~*~*~tactically~*~*~ (outnumbered).
  8204 | Lair:2   | 8204 ||| Stepping ~*~*~tactically~*~*~ (outnumbered).
  8205 | Lair:2   | 8205 ||| Stepping ~*~*~tactically~*~*~ (outnumbered).
  8212 | Lair:2   | 8212 ||| Stepping ~*~*~tactically~*~*~ (outnumbered).
  8240 | Lair:2   | Noticed qw's ghost (journeyman TrCA)
  8249 | Lair:2   | Found a transporter.
  8757 | Lair:2   | 8757 ||| PLANNING TEMPLE
  8757 | Lair:2   | 8757 ||| READING 5 scrolls of identify.
  8757 | Lair:2   | 8757 ||| IDENTIFYING bubbling inky potion
  8957 | Temple   | Entered the Ecumenical Temple
  9009 | Temple   | 9009 ||| PLANNING CONVERSION TO OKAWARU
  9016 | Temple   | Fell from the grace of Ignis
  9016 | Temple   | Became a worshipper of Warmaster Okawaru
  9017 | Temple   | 9017 ||| PLANNING LAIR
  9017 | Temple   | 9017 ||| REMOVING amulet of guardian spirit.
  9022 | Temple   | 9022 ||| DROPPING amulet of guardian spirit.
  9252 | Lair:3   | 9252 ||| Stepping ~*~*~tactically~*~*~ (stealth).
  9254 | Lair:3   | 9254 ||| Stepping ~*~*~tactically~*~*~ (stealth).
  9259 | Lair:3   | 9259 ||| Stepping ~*~*~tactically~*~*~ (stealth).
  9348 | Lair:3   | Noticed an eight-headed hydra
  9349 | Lair:3   | 9349 ||| Stepping ~*~*~tactically~*~*~ (stealth).
  9358 | Lair:3   | HP: 22/104 [13-headed hydra (8)]
  9358 | Lair:3   | HP: 7/104 [13-headed hydra (12)]
  9358 | Lair:3   | Mangled by a 13-headed hydra

Levels and vault maps discovered:
D:1:      amcnicky_arrival_gap_in_the_tavern_cellar, layout_loops_ring,
          serial_shops, nicolae_shop_stone
D:2:      layout_basic, serial_shops, shop_fountains, shop, nicolae_shop_trees,
          shop_statue, shop
D:3:      layout_basic, gup_sewer_entry_glass
D:4:      layout_loops_ring, kennysheep_generic_room_14
D:5:      layout_gridville, minmay_temple_entry_steel_oval, kennysheep_nub,
          cheibrodos_gnoll_hut, uniq_duvessa
D:6:      layout_basic, vehumet_statue, serial_shops, nicolae_square_shop
D:7:      layout_layer_cave, mainiacjoe_overflow_small_starburst, serial_shops,
          nicolae_shop_hallway_stairs
D:8:      layout_cave_pools, minmay_lair_entry_grove, st_stairs_9
Temple:   nicolae_temple_bog_church
Lair:1:   layout_layer_cave, gammafunk_ghost_split
Lair:2:   layout_chaotic_city, dummy_spider_entry,
          gammafunk_ghost_wrathful_warriors, beast_lair_carwin_7
Lair:3:   nzn_winding_woodlands_small [nzn_winding_woodlands_5x15_longhouse,
          nzn_winding_woodlands_center_triple_pond,
          nzn_winding_woodlands_5x15_river_crossing], layout_regular_city,
          shoals_dummy_entry, nicolae_volcano_entry_vermiform,
          hangedman_lair_generics_rect, lemuel_fruit_tree, uniq_josephine

Skill      XL: |  1  2  3  4  5  6  7  8  9 10 11 |
---------------+----------------------------------+-----
Unarmed Combat | 4 5 6 8 9 10 12 14 15 | 15.9
Fighting       | 3 4 5 6 |  6.1
Throwing       | 2 3 4 5 |  5.0
Dodging        | 1 |  1.7
Armour         | 2 3 |  3.0
Spellcasting   | |  1.0
Fire Magic     | |  2.1

Action                   |  1- 3 |  4- 6 |  7- 9 | 10-12 || total
-------------------------+-------+-------+-------+-------++-------
Melee: Unarmed           |   105 |   145 |   180 |   176 ||   606
       Punch             |     1 |     3 |    11 |     3 ||    18
Throw: Boomerang         |    19 |    71 |    10 |    23 ||   123
       Javelin           |       |       |    29 |    43 ||    72
Invok: Fiery Armour      |       |     2 |     8 |     3 ||    13
  Use: Scroll            |     4 |    11 |     8 |     2 ||    25
       Potion            |     1 |     3 |     3 |       ||     7
 Stab: Distracted        |       |       |       |     1 ||     1
Armor: Robe              |    27 |    60 |    28 |       ||   115
       Acid dragon scale |       |       |    23 |    44 ||    67
Dodge: Dodged            |    34 |    66 |   134 |    95 ||   329

Table legend:
 A = Non-vault XP
 B = Vault XP
 C = Vault XP percentage of total XP
 D = Non-vault monster count
 E = Vault monster count
 F = Vault count percentage of total count
                 A         B        C        D         E       F
            +---------+---------+-------+---------+---------+-------
      Total |   13491 |    4389 |  24.5 |     190 |      40 |  17.4
            +---------+---------+-------+---------+---------+-------
        D:1 |      31 |       0 |   0.0 |      20 |       0 |   0.0
        D:2 |     135 |       0 |   0.0 |      26 |       0 |   0.0
        D:3 |     215 |      67 |  23.8 |      21 |       5 |  19.2
        D:4 |      90 |       0 |   0.0 |      16 |       0 |   0.0
        D:5 |     256 |     314 |  55.1 |      10 |       5 |  33.3
        D:6 |     231 |      32 |  12.2 |       5 |       1 |  16.7
        D:7 |     503 |       0 |   0.0 |      13 |       0 |   0.0
        D:8 |     785 |    2399 |  75.3 |      23 |      16 |  41.0
     Lair:1 |    4602 |       0 |   0.0 |      21 |       0 |   0.0
     Lair:2 |    5616 |    1515 |  21.2 |      25 |       7 |  21.9
     Lair:3 |    1027 |       0 |   0.0 |      10 |       0 |   0.0
      Sewer |       0 |      62 | 100.0 |       0 |       6 | 100.0
            +---------+---------+-------+---------+---------+-------
